 Dungeon Crawl Stone Soup version 0.27.0-1-g7a089689b8 (webtiles) character file.

Game seed: 15962169535378892032

77 theswoord the Twirler (level 4, 0/33 HPs)
             Began as a Demonspawn Gladiator on Aug 6, 2021.
             Killed from afar by Sigmund (2 damage)
             ... with a magic dart
             ... on level 2 of the Dungeon.
             The game lasted 00:02:21 (2455 turns).

theswoord the Twirler (Demonspawn Gladiator)        Turns: 2455, Time: 00:02:22

Health: 0/33       AC:  3    Str: 14    XL:     4   Next: 14%
Magic:  4/4        EV: 12    Int: 10    God:
Gold:   53         SH:  0    Dex: 15    Spells: 3/3 levels left

rFire    . . .     SeeInvis .   a - +0 quarterstaff
rCold    . . .     Faith    .   (shield currently unavailable)
rNeg     . . .     Spirit   .   b - +0 leather armour
rPois    .         Reflect  .   (helmet restricted)
rElec    .         Harm     .   (no cloak)
rCorr    .         Rampage  .   (no gloves)
Will     .....                  (no boots)
Stlth    +.........             (no amulet)
HPRegen  0.11/turn              (no ring)
MPRegen  0.09/turn              (no ring)

@: no status effects
A: antennae 2, condensation shield
a: no special abilities


You were on level 2 of the Dungeon.
You visited 1 branch of the dungeon, and saw 2 of its levels.

You collected 53 gold pieces.

Inventory:

Hand Weapons
 a - a +0 quarterstaff (weapon)
Missiles
 d - 3 throwing nets (quivered)
Armour
 b - a +0 leather armour (worn)
 c - a +0 helmet
Scrolls
 e - 2 scrolls of noise {unknown}
 f - a scroll of summoning {unknown}
 g - a scroll of magic mapping {unknown}
 h - a scroll of identify {unknown}
Potions
 i - a potion of cancellation {unknown}


   Skills:
 - Level 2.0 Fighting
 + Level 4.6 Staves
 - Level 1.7 Throwing
 - Level 2.6 Dodging


You had 3 spell levels left.
You didn't know any spells.
Your spell library was empty.

Dungeon Overview and Level Annotations

Branches:
Dungeon (2/15)

Altars:

Annotations:
D:2 Sigmund


Innate Abilities, Weirdness & Mutations

You have a pair of antennae on your head.
A meltable shield of frost defends you. (SH +0)


Message History

Sigmund the Dreaded comes into view.
He is wielding a +0 scythe.
Sigmund shouts!
Sigmund casts a spell at you. The magic dart hits you.
Sigmund screams, "Don't try to resist!"
Sigmund casts a spell at you. The puff of flame hits you.
Your condensation shield dissipates!
Sigmund barely misses you. Sigmund hits you with a +0 scythe!
You barely miss Sigmund. Sigmund misses you.
You thump Sigmund!
Sigmund is moderately wounded.
Sigmund closely misses you.
You hit Sigmund but do no damage.
Sigmund is moderately wounded.
Sigmund gestures at you while chanting. The magic dart hits you!
* * * LOW HITPOINT WARNING * * *
You hit Sigmund.
Sigmund is heavily wounded.
Sigmund gestures at you while chanting. The puff of flame hits you.
* * * LOW HITPOINT WARNING * * *
You completely miss Sigmund.
Sigmund is heavily wounded.
Sigmund hits you with a +0 scythe.
* * * LOW HITPOINT WARNING * * *
You hit Sigmund but do no damage.
Sigmund is heavily wounded.
Sigmund completely misses you.
You hit Sigmund.
Sigmund is heavily wounded.
Sigmund hits you but does no damage. Sigmund hits you with a +0 scythe.
* * * LOW HITPOINT WARNING * * *
You hit Sigmund.
Sigmund is heavily wounded.
Sigmund casts a spell at you. The magic dart hits you.
You die...

# #.............# #.#
##############.##############.#
..............<...............#
..#############################
.......................#
..####################.#
.['....... #.# ..########
#########.#.# ..# #....@@...#.#
..# #.#########.# ### #.# #.#
#.# #.# #.# #.# #.#########.#
#.....[.....# #############


You could see Sigmund.

Vanquished Creatures
  3 gnolls (D:2)
  2 dart slugs
  3 endoplasms
  2 giant cockroaches (D:2)
  4 goblins
  2 hobgoblins
  6 jackals (D:1)
  A kobold (D:1)
  2 quokkas (D:2)
  5 ball pythons
  5 bats
  4 frilled lizards
  6 rats
45 creatures vanquished.

Notes
Turn   | Place    | Note
-------+----------+-------------------------------------------
     0 | D:1      | theswoord the Demonspawn Gladiator began the quest for the
                  | Orb.
     0 | D:1      | Reached XP level 1. HP: 16/16 MP: 1/1
   170 | D:1      | Reached skill level 3 in Staves
   192 | D:1      | Gained mutation: A meltable shield of frost defends you.
                  | (SH +0) [demonic ancestry]
   192 | D:1      | Reached XP level 2. HP: 18/22 MP: 2/2
  1494 | D:2      | Gained mutation: You have a pair of small antennae on your
                  | head. [demonic ancestry]
  1494 | D:2      | Reached XP level 3. HP: 27/27 MP: 3/3
  1713 | D:2      | Reached skill level 4 in Staves
  1888 | D:2      | Gained mutation: You have a pair of antennae on your head.
                  | [demonic ancestry]
  1888 | D:2      | Reached XP level 4. HP: 4/33 MP: 4/4
  2210 | D:2      | Found a faded altar of an unknown god.
  2443 | D:2      | Noticed Sigmund
  2455 | D:2      | Killed from afar by Sigmund

Skill      XL: |  1  2  3 |
---------------+----------+-----
Staves         | 3 4 |  4.6
Fighting       | |  2.0
Throwing       | |  1.7
Dodging        | |  2.6

Action                   |  1- 3 |  4- 6 || total
-------------------------+-------+-------++-------
Melee: Quarterstaff      |   121 |    22 ||   143
  Use: Potion            |     1 |       ||     1
 Stab: Sleeping          |     1 |       ||     1
Armor: Leather armour    |    20 |     3 ||    23
Dodge: Dodged            |    71 |    18 ||    89
Block: Other             |    17 |     1 ||    18

Levels and vault maps discovered:
D:1:      minmay_arrival_shattered_statue, layout_basic,
          minmay_stone_trees_small, dk_noncrumbling_4
D:2:      layout_basic, shapermc_ecumenical_altar_ellora, uniq_sigmund
